 Dungeon Crawl Stone Soup version 0.31-a0-426-g3a05650e59 (webtiles) character file.

Game seed: 7901228605823197881

8 Arzdou the Ruffian (level 2, 9/21 HPs)
             Began as a Demonspawn Shapeshifter on July 30, 2023.
             Quit the game on level 1 of the Dungeon.
             The game lasted 00:00:32 (81 turns).

Arzdou the Ruffian (Demonspawn Shapeshifter)          Turns: 81, Time: 00:00:33

Health: 9/21       AC:  2    Str: 15    XL:     2   Next: 0%
Magic:  2/2        EV: 12    Int:  9    God:
Gold:   0          SH:  0    Dex: 13    Spells: 1/1 levels left

rFire   . .          .
                       - Unarmed
rCold   . . .        (no shield)
rNeg    . . .        a - +0 animal skin
rPois   .            (helmet currently unavailable)
rElec   .            (cloak currently unavailable)
rCorr   .            (gloves currently unavailable)
SInv    .            (boots currently unavailable)
Will    .....        (no amulet)
Stlth   +            (no ring)
HPRegen 0.23/turn    (no ring)
MPRegen 0.08/turn

%: no passive effects
@: beast-form
A: beast (slay +2), antennae 1
a: Begin Untransformation


You were on level 1 of the Dungeon.
You were a hulking beast.
You visited 1 branch of the dungeon, and saw 1 of its levels.

Inventory:

Armour
 a - a +0 animal skin (worn)
Talismans
 c - a beast talisman (active)
Scrolls
 d - a scroll of enchant armour {unknown}
Potions
 b - a potion of lignification


   Skills:
 - Level 1.0 Fighting
 - Level 1.8 Dodging
 + Level 3.0 Unarmed Combat
 + Level 2.9 Shapeshifting


You had one spell level left.
You didn't know any spells.
Your spell library was empty.

Dungeon Overview and Level Annotations

Branches:
Dungeon (1/15)

Altars:


Innate Abilities, Weirdness & Mutations

You are a hulking beast.
Your limbs bulge with bestial killing power. (Slay +2)
You have a pair of small antennae on your head.


Message History

The endoplasm moves out of view.
No target in view!
An endoplasm and a goblin come into view.
You hit the endoplasm.
The endoplasm is heavily wounded.
The goblin shouts!
The endoplasm closely misses you.
You hit the endoplasm.
The endoplasm is severely wounded.
A bat comes into view.
The goblin hits you with a +0 dagger. The endoplasm freezes you.
You are frozen.
You are too injured to fight recklessly!
You are too injured to fight recklessly!
You are too injured to fight recklessly!
You are too injured to fight recklessly!
You are too injured to fight recklessly!
You are too injured to fight recklessly!
You are too injured to fight recklessly!
You are too injured to fight recklessly!
You are too injured to fight recklessly!
You are too injured to fight recklessly!
You are too injured to fight recklessly!
You are too injured to fight recklessly!
You are too injured to fight recklessly!
There are monsters nearby!
The endoplasm attacks as you move away! The endoplasm barely misses you.
The goblin attacks as you move away! The goblin barely misses you.
You hit the endoplasm.
You kill the endoplasm!
A dart slug comes into view.
You hit the goblin but do no damage. The goblin hits you with a +0 dagger.
You punch the goblin!
You kill the goblin!
Your Unarmed Combat skill increases to level 3!
You have reached level 2!
Your demonic ancestry asserts itself...
A pair of antennae grows on your head!
Are you sure you want to abandon this character and quit the game? (Confirm with "yes".)

.. .# ... ....#...
###..b#.. . #....
####...#.#. ..#####....
#......#..###...#.......#
#.........#.....#.......#
#......#.....#.##.......#
#w).....#..........#
#.#h##...##........#
#.#.##.#......†....#
#.#.##.#+###.......#
#.#............#'###
#.#####........#...) #.
#........#.... #.
#........##...
#........##...
...........##...


You could see a dart slug and a bat (wandering).

Vanquished Creatures
  A bat (D:1)
  An endoplasm (D:1)
  A goblin (D:1)
  2 hobgoblins (D:1)
  A ball python (D:1)
  A kobold (D:1)
7 creatures vanquished.

Notes
Turn   | Place    | Note
-------+----------+-------------------------------------------
     0 | D:1      | Arzdou the Demonspawn Shapeshifter began the quest for the
                  | Orb.
     0 | D:1      | Reached XP level 1. HP: 15/15 MP: 1/1
    81 | D:1      | Reached skill level 3 in Unarmed Combat
    81 | D:1      | Gained mutation: You have a pair of small antennae on your
                  | head. [demonic ancestry]
    81 | D:1      | Reached XP level 2. HP: 9/21 MP: 2/2
    81 | D:1      | Quit the game

Illustrated notes

Levels and vault maps discovered:
D:1:      lightli_molten_gateway, layout_basic

Skill      XL: |  1 |
---------------+----+-----
Unarmed Combat | 3 |  3.0
Fighting       | |  1.0
Dodging        | |  1.8
Shapeshifting  | |  2.9

Action                     || total
---------------------------++-------
  Melee: Unarmed           ||    20
 Armour: Animal skin       ||     9
  Dodge: Dodged            ||    23

Table legend: (Time is in decaauts)
 A = Elapsed time spent in this place.
 B = Non-inter-level travel time spent in this place.
 C = Inter-level travel time spent in this place.
 D = Time resting spent in this place.
 E = Time spent auto-exploring this place.
 F = Levels seen in this place.
 G = Mean time per level.
                   A        B        C        D        E       F      G
               +--------+--------+--------+--------+--------+-----+--------+
         Total |     80 |     80 |      0 |      0 |     44 |   1 |   80.0 |
       Dungeon |     80 |     80 |      0 |      0 |     44 |   1 |   80.0 |
               +--------+--------+--------+--------+--------+-----+--------+

Top non-repeatable levels by time:
     D:1: 80 daAuts
